Map: [ESL] Site Delta

Players

Holden

  • Race: Protoss Protoss
  • Spawn Location: 5:00

Scarlett - Winner!

  • Race: Zerg Zerg
  • Spawn Location: 11:00

Event: ESL Spring 2024 Finals

VOD

Have the link to the VOD?

Description

Time

  • Played on: May 31, 2024, 4:53 p.m.
  • Length: 8:21

All games in this series

Show
View Real Time Build Order
Export as new Build Order

Holden Protoss 

Build Orders: 1 Gate Expand, Oracle Opening 

Get SALT Encoding   

  12  0:00  Probe  
  13  0:12  Probe (Chrono Boost)  
  14  0:18  Pylon  
  14  0:24  Probe (Chrono Boost)  
  15  0:35  Probe  
  15  0:40  Gateway  
  16  0:47  Probe  
  16  0:49  Assimilator  
  17  0:59  Probe  
  18  1:11  Probe  
  19  1:23  Probe  
  20  1:30  Nexus  
  20  1:37  Cybernetics Core  
  20  1:39  Probe  
  21  1:45  Assimilator  
  21  1:51  Probe  
  22  1:56  Pylon  
  22  2:04  Probe  
  23  2:12  Adept (Chrono Boost)  
  25  2:16  Probe  
  26  2:24  Stargate  
  26  2:28  Probe  
  27  2:32  Adept (Chrono Boost)  
  29  2:37  Warp Gate  
  29  2:42  Probe (Chrono Boost)  
  31  2:45  Probe (Chrono Boost)  
  31  2:52  Probe (Chrono Boost)  
  31  2:54  Probe (Chrono Boost)  
  31  2:55  Adept  
  35  2:58  Probe  
  35  3:04  Probe  
  37  3:08  Oracle (Chrono Boost)  
  37  3:10  Probe  
  41  3:16  Probe  
  42  3:23  Probe  
  43  3:28  Probe  
  43  3:31  Pylon  
  42  3:35  Gateway, Probe  
  42  3:36  Oracle (Chrono Boost)  
  46  3:46  Probe, Pylon  
  45  3:54  Shield Battery  
  45  3:58  Pylon  
  45  4:01  Twilight Council  
  45  4:04  Gateway x2  
  45  4:10  Probe x2  
  47  4:22  Probe  
  48  4:25  Adept, Probe  
  48  4:29  Nexus  
  48  4:31  Pylon  
  51  4:36  Adept  
  53  4:39  Resonating Glaives (Chrono Boost)  
  53  4:45  Pylon  
  53  4:47  Adept  
  55  4:54  Probe x2  
  57  5:00  Adept x3  
  57  5:02  Pylon  
  57  5:06  Probe  
  64  5:08  Probe  
  65  5:14  Adept  
  65  5:17  Pylon  
  65  5:18  Pylon  
  67  5:22  Adept x3  
  67  5:26  Pylon  
  73  5:28  Probe x2  
  75  5:36  Adept  
  75  5:42  Adept x3  
  83  5:45  Probe (Chrono Boost)  
  83  5:48  Probe (Chrono Boost)  
  83  5:49  Probe (Chrono Boost)  
  86  5:50  Shield Battery  
  86  5:56  Probe (Chrono Boost)  
  88  5:58  Adept  
  88  6:00  Probe x2 (Chrono Boost)  
  88  6:01  Probe (Chrono Boost)  
  88  6:03  Adept  
  94  6:09  Probe x2  
  96  6:15  Robotics Facility, Probe  
  96  6:16  Robotics Facility  
  97  6:18  Pylon  
  97  6:21  Probe x2  
  97  6:22  Adept x2  
  103  6:27  Probe  
  103  6:29  Adept x2  
  108  6:33  Probe  
  108  6:37  Probe  
  111  6:40  Probe  
  111  6:44  Adept x2  
  115  6:50  Pylon  
  115  6:52  Pylon, Probe  
  116  7:02  Forge  
  116  7:03  Assimilator  
  116  7:05  Pylon  
  116  7:06  Adept  
  116  7:08  Pylon  
  118  7:10  Assimilator  
  112  7:24  Immortal (Chrono Boost)  
  98  7:41  Immortal (Chrono Boost)  
  90  7:46  Adept  
  90  7:47  Assimilator  
  90  7:51  Assimilator  
  86  7:55  Adept x3  
  92  8:09  Zealot  
  82  8:17  Zealot x2  
Show
View Real Time Build Order
Export as new Build Order

Scarlett Zerg - Winner!

Build Orders: Hatch First 

Get SALT Encoding   

  12  0:00  Drone  
  13  0:12  Overlord  
  13  0:17  Drone  
  14  0:30  Drone x2  
  16  0:43  Drone  
  17  0:51  Hatchery  
  17  0:54  Drone  
  17  0:58  Drone  
  18  1:08  Extractor  
  17  1:12  Spawning Pool  
  17  1:16  Drone  
  17  1:18  Drone  
  18  1:27  Drone  
  19  1:39  Drone  
  20  1:49  Overlord  
  20  2:00  Queen  
  22  2:03  Queen, Drone, Zergling x2  
  26  2:11  Metabolic Boost  
  26  2:12  Zergling x2  
  26  2:14  Drone  
  28  2:22  Drone  
  29  2:24  Drone  
  30  2:33  Drone  
  31  2:39  Queen  
  31  2:43  Hatchery  
  32  2:45  Zergling x2  
  33  2:51  Overlord  
  33  2:53  Zergling x2  
  33  2:55  Zergling x2  
  35  3:05  Zergling x2  
  36  3:11  Queen  
  36  3:12  Overlord  
  38  3:13  Drone x3  
  38  3:17  Drone x2  
  43  3:26  Drone  
  43  3:30  Queen, Overlord  
  45  3:46  Drone x7  
  51  3:48  Queen  
  51  3:53  Overlord  
  53  3:56  Drone  
  53  3:58  Drone x2  
  56  4:08  Drone x4  
  60  4:13  Spore Crawler  
  59  4:19  Drone x6  
  65  4:29  Drone x5  
  70  4:32  Lair  
  70  4:35  Roach Warren  
  69  4:40  Extractor  
  69  4:41  Drone, Extractor  
  69  4:42  Drone x5  
  73  4:46  Drone  
  73  4:49  Overlord  
  74  4:53  Spore Crawler  
  74  4:54  Overlord  
  74  4:55  Drone  
  74  4:56  Overlord  
  74  5:02  Overlord x2  
  74  5:08  Overlord  
  74  5:09  Drone x5  
  74  5:12  Extractor  
  74  5:13  Drone  
  76  5:14  Drone x2, Extractor  
  76  5:18  Overlord x3  
  76  5:19  Evolution Chamber  
  76  5:25  Roach x3  
  76  5:28  Roach x3  
  87  5:33  Roach  
  87  5:35  Glial Reconstitution  
  89  5:38  Roach  
  89  5:39  Roach  
  89  5:42  Drone  
  94  5:43  Roach x3  
  100  5:50  Roach x4  
  100  5:54  Hatchery  
  107  5:57  Roach  
  107  6:02  Drone  
  107  6:03  Zerg Missile Weapons Level 1  
  110  6:04  Drone x3  
  110  6:05  Spore Crawler  
  110  6:07  Evolution Chamber  
  110  6:09  Roach  
  113  6:16  Roach x5  
  113  6:17  Drone  
  124  6:20  Extractor  
  124  6:24  Roach  
  124  6:25  Roach x3  
  129  6:26  Drone  
  129  6:27  Drone  
  132  6:37  Roach x5  
  132  6:39  Roach  
  142  6:41  Roach x2  
  146  6:52  Overlord x6  
  144  7:00  Drone x2  
  146  7:15  Roach x12  
  170  7:17  Ravager x5  
  175  7:25  Roach x4  
  183  7:31  Roach x3  
  183  7:36  Ravager  
  186  7:39  Roach x5  
  186  7:43  Roach  
  195  7:45  Queen  
  199  7:55  Ravager  
  200  8:01  Hydralisk Den  
Tags
 
Add a new tag
Caveats
  • Supply blocks, unpowered buildings, or Contaminate may cause inaccurate times.
  • Supply counts are checked every 10 seconds.